 Dungeon Crawl Stone Soup version 0.25.0-1-g7eea58d2a3 (webtiles) character file.

Game seed: 10230371013294431222

1004 Delamore the Basher (level 8, -2/46 HPs)
             Began as a Gargoyle Fighter on June 14, 2020.
             Was a Follower of Okawaru.
             Splashed by Ijyb's acid (15 damage)
             ... on level 4 of the Dungeon.
             The game lasted 00:04:47 (4475 turns).

Delamore the Basher (Gargoyle Fighter)              Turns: 4475, Time: 00:04:48

Health: -2/46      AC: 14    Str: 23    XL:     8   Next: 20%
Magic:  8/8        EV:  7    Int:  8    God:    Okawaru [*.....]
Gold:   172        SH:  9    Dex:  9    Spells: 7/7 levels left

rFire    . . .     SeeInvis .   r - +0 mace (holy)
rCold    + . .     Gourm    .   c - +0 kite shield
rNeg     + . .     Faith    .   k - +2 scale mail {rC+}
rPois    ∞         Spirit   .   (no helmet)
rElec    +         Reflect  .   h - +0 cloak
rCorr    .         Harm     .   n - +1 pair of gloves
MR       .....                  v - +0 pair of boots
Stlth    ..........             (no amulet)
HPRegen  0.15/turn              (no ring)
MPRegen  0.11/turn              (no ring)

@: corroded
A: negative energy resistance 1, electricity resistance, unbreathing,
petrification resistance, rot immunity, AC +5
a: Heroism, Renounce Religion


You were on level 4 of the Dungeon.
You worshipped Okawaru.
Okawaru was aware of your devotion.
You were not hungry.

You visited 2 branches of the dungeon, and saw 6 of its levels.

You collected 172 gold pieces.

Inventory:

Hand Weapons
 a - a +0 flail
 r - a +0 mace of holy wrath (weapon)
Armour
 c - a +0 kite shield (worn)
 h - a +0 cloak (worn)
 k - a +2 scale mail of cold resistance (worn)
 n - a +1 pair of gloves (worn)
 v - a +0 pair of boots (worn)
Wands
 i - a wand of random effects (27)
Scrolls
 b - 2 scrolls of teleportation
 e - a scroll of amnesia {unknown}
 g - a scroll of enchant armour
 m - a scroll of blinking {unknown}
 p - 5 scrolls of identify
 t - a scroll of enchant weapon
 x - a scroll of remove curse
Potions
 d - 2 potions of might
 j - 2 potions of heal wounds {unknown}
 l - 2 potions of brilliance {unknown}
 o - 2 potions of curing {unknown}
 q - a potion of resistance {unknown}
 s - a potion of stabbing {unknown}
 u - 2 potions of degeneration {unknown}
 w - a potion of haste {unknown}
Comestibles
 f - 10 rations


   Skills:
 - Level 3.2 Fighting
 + Level 9.5 Maces & Flails
 - Level 3.2 Armour
 - Level 3.2 Shields


You had 7 spell levels left.
You didn't know any spells.
Your spell library was empty.

Dungeon Overview and Level Annotations

Branches:
Dungeon (5/15)             Temple (1/1) D:4

Altars:
Ashenzari
Dithmenos
Elyvilon
Fedhas
Gozag
Kikubaaqudgha
Makhleb
Nemelex Xobeh
Okawaru
Qazlal
Ru
Sif Muna
Trog
Uskayaw
Vehumet
Xom
Zin
The Shining One

Annotations:
D:4 Ijyb


Innate Abilities, Weirdness & Mutations

You are resistant to torment.
Your stone body is resilient. (AC +5)
You are immune to poison.
You resist negative energy. (rN+)
You are resistant to electric shocks. (rElec)
You can survive without breathing.
You are immune to petrification.
You are immune to rotting.


Message History

Ijyb hits you but does no damage. The adder bites you but does no damage.
You barely miss Ijyb.
Ijyb is moderately wounded.
The adder completely misses you. Ijyb hits you but does no damage.
You closely miss Ijyb.
Ijyb is moderately wounded.
The adder bites you but does no damage. Ijyb closely misses you.
The adder barely misses you.
You closely miss Ijyb.
Ijyb is moderately wounded.
Ijyb hits you but does no damage. The adder bites you but does no damage.
You closely miss Ijyb.
Ijyb is moderately wounded.
Ijyb hits you but does no damage. You block the adder's attack.
You thump Ijyb!
Ijyb is severely wounded.
You block the adder's attack.
Ijyb zaps a wand.
The bolt of acid hits you!
* * * LOW HITPOINT WARNING * * *
The acid corrodes you!
You are splashed with acid!
You die...

#...####.#######.##########.##
#8.8# #.##### #...# #..## ###'##
#.....###.#.#### ##... #.()#
#####.[.#.#....# #### ###)####
###<..####.######## #..÷...#
##[...##........## #...)..#
#.##.#########)..
#......##########.##..#######....
#...............@S............###
#......#########.g######.....####
#......# #.## ###.##..#.♣#
#......# ##.# ##...##..'[8#
#......# #..####..#####.#.♣#
#......# #.###...## ######
######## ##.....### ##.#
###.).#### #... ##....## #...


You could see Ijyb and an adder.

Vanquished Creatures
  The ghost of Anaz the Gusty, a novice DgAE (D:4)
  An ogre (D:4)
  A bullfrog (D:4)
  A howler monkey (D:5)
  2 crimson imps (D:4)
  4 orc priests
  A hound (D:4)
  2 orc wizards (D:4)
  2 iguanas (D:4)
  2 hound skeletons (D:4)
  A howler monkey skeleton (D:4)
  5 adders
  3 oozes
  An adder skeleton (D:4)
  4 worms
  2 dart slugs
  3 leopard geckos
  15 orcs
  7 goblins
  9 hobgoblins
  8 kobolds
  6 bats
  5 frilled lizards
  4 rats
90 creatures vanquished.

Notes
Turn   | Place    | Note
-------+----------+-------------------------------------------
     0 | D:1      | Delamore the Gargoyle Fighter began the quest for the Orb.
     0 | D:1      | Reached XP level 1. HP: 14/14 MP: 1/1
   520 | D:1      | Reached XP level 2. HP: 19/19 MP: 2/2
   653 | D:1      | Reached skill level 3 in Maces & Flails
  1013 | D:2      | Reached XP level 3. HP: 15/23 MP: 3/3
  1182 | D:2      | Reached skill level 4 in Maces & Flails
  1261 | D:2      | Reached XP level 4. HP: 26/28 MP: 4/4
  1918 | D:3      | Reached skill level 5 in Maces & Flails
  1918 | D:3      | Reached XP level 5. HP: 8/32 MP: 5/5
  2941 | D:4      | Found a burning altar of Makhleb.
  2944 | D:4      | Reached skill level 6 in Maces & Flails
  2944 | D:4      | Reached XP level 6. HP: 37/37 MP: 6/6
  3048 | D:4      | Found a runed translucent door.
  3048 | D:4      | Noticed Anaz's ghost (novice DgAE)
  3063 | D:4      | Killed Anaz's ghost
  3063 | D:4      | Reached skill level 7 in Maces & Flails
  3063 | D:4      | Reached XP level 7. HP: 37/41 MP: 7/7
  3109 | D:4      | Found a staircase to the Ecumenical Temple.
  3155 | Temple   | Entered the Ecumenical Temple
  3216 | Temple   | Became a worshipper of Warmaster Okawaru
  3249 | D:4      | Reached skill level 8 in Maces & Flails
  3270 | D:3      | HP: 2/41 [orc priest/divine providence (13)]
  3682 | D:4      | Found a stormy altar of Qazlal.
  3951 | D:4      | Found a shimmering altar of Xom.
  4003 | D:4      | Found a basalt altar of Yredelemnul.
  4003 | D:4      | Found an opulent altar of Gozag.
  4005 | D:4      | Found an ancient bone altar of Kikubaaqudgha.
  4005 | D:4      | Found a white marble altar of Elyvilon.
  4005 | D:4      | Found a radiant altar of Vehumet.
  4197 | D:4      | Reached skill level 9 in Maces & Flails
  4197 | D:4      | Reached XP level 8. HP: 34/46 MP: 8/8
  4446 | D:5      | Entered Level 5 of the Dungeon
  4446 | D:5      | Noticed Ijyb
  4452 | D:4      | Reached * piety under Okawaru
  4475 | D:4      | Splashed by Ijyb's acid

Illustrated notes

Levels and vault maps discovered:
D:1:      ebering_trefoil_twist, layout_loops_corners
D:2:      layout_loops_cross
D:3:      layout_basic, first_ration, minmay_misc_feat_x
D:4:      layout_rooms, kennysheep_little_box, doesnt_xom_only_xom,
          makhleb_grotto_becter, minmay_temple_entry_junction,
          gammafunk_ghost_grave, skrybe_limestone_x, minmay_puff
D:5:      layout_rooms, serial_shops, nicolae_shop_crystal,
          minmay_misc_feat_columns, chequers_serial_rivers_room_a,
          uniq_blork_the_orc, uniq_ijyb
Temple:   nicolae_temple_god_jail

Skill      XL: |  1  2  3  4  5  6  7 |
---------------+----------------------+-----
Maces & Flails | 3 4 5 6 7 9 |  9.5
Fighting       | |  3.2
Armour         | |  3.2
Shields        | |  3.2

Action                   |  1- 3 |  4- 6 |  7- 9 || total
-------------------------+-------+-------+-------++-------
Melee: Flail             |   114 |    54 |       ||   168
       Mace              |       |   134 |   112 ||   246
  Use: Scroll            |       |     5 |       ||     5
  Eat: Chunk             |     1 |     6 |     5 ||    12
Armor: Scale mail        |    54 |   100 |    74 ||   228
Dodge: Dodged            |    30 |    55 |    38 ||   123
Block: Kite shield       |    61 |    85 |    45 ||   191
